Cogmind - Beta 15 @@@ ROGUE MODE // 2025.08.12 @ 15:34:42 Player: Rockstar Result: Destroyed by Y-45 Defender with Beam Rifle Performance ------------- Evolutions (2) 1000 Regions Visited (3) 600 Robots Destroyed (31) 155 Value Destroyed (1001) 1001 Prototype IDs (0) 0 Alien Tech Used (0) 0 Bonus (0) 0 TOTAL SCORE: 2756 Bonus ------- None Cogmind --------- Core Integrity 0/550 Matter 167/300 Energy 100/100 System Corruption 0% Temperature Cool (18) Movement Core (200) Ox3 Location -8/Materials Parts ------- > --- POWER (2) -------- (None) > --- PROPULSION (2) --- (None) > --- UTILITY (4) ------ Medium Storage Unit Improved Signal Interpreter Utility Shielding > --- WEAPON (3) ------- (None) > --- INVENTORY (10) --- Advanced Treads Advanced Treads Xenon Bombardment Thruster Xenon Bombardment Thruster Xenon Bombardment Thruster Xenon Bombardment Thruster Improved Heat Sink Small Storage Unit Plasma Cutter Peak State ------------ > --- POWER ------------ Improved Ion Engine Improved Ion Engine > --- PROPULSION ------- Advanced Treads Advanced Treads > --- UTILITY ---------- Cooling System Small Storage Unit Improved Sensor Array Improved Signal Interpreter > --- WEAPON ----------- Particle Gun Particle Gun Improved Grenade Launcher > --- INVENTORY -------- Armored Treads Armored Treads Advanced Treads Advanced Treads Improved Heat Sink Utility Shielding Plasma Cutter [Rating: 27] Favorites ----------- Power Light Ion Engine Engine Light Ion Engine Power Core Light Nuclear Core Propulsion Improved Treads Treads Improved Treads Leg Aluminum Leg Utility Small Storage Unit Device Heat Sink Storage Small Storage Unit Processor Improved Signal Interpreter Protection Utility Shielding Weapon Particle Gun Energy Gun Particle Gun Ballistic Gun Light Assault Rifle Launcher Improved Grenade Launcher Special Weapon Plasma Cutter Impact Weapon Maul Build | -11 -10 -9 -8 ------- Run | Yrd Mat Mat Mat Slots Evolved 4 | . . 2 2 Power 1 | . . . 1 Propulsion . | . . . . Utility 2 | . . 2 . Weapon 1 | . . . 1 Parts Attached 46 | 6 8 18 14 Power 6 | 1 . 4 1 Engine 5 | 1 . 4 . Core 1 | . . . 1 Reactor . | . . . . Propulsion 12 | 2 2 3 5 Treads 10 | . 2 3 5 Leg 2 | 2 . . . Wheel . | . . . . Hover . | . . . . Flight . | . . . . Utility 19 | 1 2 10 6 Device 12 | . 2 6 4 Storage 3 | 1 . 1 1 Processor 2 | . . 1 1 Hackware . | . . . . Protection 2 | . . 2 . Artifact . | . . . . Weapon 9 | 2 4 1 2 Energy Gun 5 | 1 3 1 . Energy Cannon . | . . . . Ballistic Gun 1 | 1 . . . Ballistic Cannon . | . . . . Launcher 1 | . . . 1 Special Weapon 1 | . . . 1 Impact Weapon 1 | . 1 . . Slashing Weapon . | . . . . Piercing Weapon . | . . . . Special Melee Weapon . | . . . . Unidentified Prototypes . | . . . . Parts Lost 15 | . . 2 13 Power 4 | . . 1 3 Propulsion 4 | . . . 4 Utility 4 | . . 1 3 Weapon 3 | . . . 3 Highest Loss Streak 13 | . . 1 13 To Critical Strikes . | . . . . Average Backups 7 | 1 7 7 8 Power . | . 1 1 . Propulsion 2 | . 1 2 4 Utility . | . . . 1 Weapon 3 | . 4 3 . Tool/Special . | . . . . Unused Backups 12 | . 2 5 5 Power 1 | . . 1 . Propulsion 7 | . . 3 4 Utility . | . . . . Weapon 4 | . 2 1 1 Tool/Special . | . . . . Average Slot Usage (%) 90 | . 95 93 75 Engine 11 | . 14 10 8 Treads 22 | . 26 22 17 Device 14 | . 10 18 9 Storage 12 | . 14 13 9 Processor 2 | . . 1 9 Protection 3 | . . 4 5 Energy Gun 20 | . 25 22 11 Peak Build Rating 27 | 6 12 19 27 Average Rating 14 | 4 11 14 20 On Entrance 9 | . 6 12 19 Naked Turns . | . . . . Heaviest Build 39 | 10 15 24 39 Greatest Support 46 | 20 46 46 44 Greatest Overweight (x) . | . . . . Average Overweight (x) . | . . . . Largest Inventory Capacity 10 | 8 8 8 10 Average Capacity 8 | 6 8 8 8 Most Carried 10 | 2 8 8 10 Average Carried 7 | 1 7 7 8 Final Capacity 10 | 8 8 8 10 Final Carried 9 | 2 8 8 9 Class Distribution -------------------- 77% | Mutant 10% | Scavenger-Mutant 7% | Skirmisher 4% | Tank Dominant Class ---------------- Mutant | -10/Materials Mutant | -9/Materials Mutant | -8/Materials Resources | -11 -10 -9 -8 ----------- Run | Yrd Mat Mat Mat Matter Collected 647 | 249 26 340 32 Remotely . | . . . . Salvage Created 906 | . 26 647 233 Parts 54 | . 1 29 24 Haulers Intercepted . | . . . . Recyclers Shooed . | . . . . Parts Field Recycled . | . . . . Retrieved Matter . | . . . . Parts Self-Destructed . | . . . . Prevented . | . . . . Kills | -11 -10 -9 -8 ------- Run | Yrd Mat Mat Mat Combat Hostiles Destroyed 26 | . 1 15 10 Melee 1 | . . . 1 Guns 18 | . 1 14 3 AOE 6 | . . . 6 Classes Destroyed 7 | . 1 3 3 Worker 1 | . . . 1 Builder 2 | . . . 2 Watcher 2 | . . 1 1 Swarmer 5 | . . . 5 Grunt 16 | . 1 11 4 Duelist 1 | . . 1 . Sentry 4 | . . 3 1 Best Kill Streak 6 | . 1 4 6 Combat Bots Only 4 | . 1 4 4 Max Kills in Single Turn 4 | . 1 1 4 Gunslinging . | . . . . Exploded 2 | . . . 2 Melee 1 | . . . 1 Uniques/NPCs Destroyed . | . . . . Combat | -11 -10 -9 -8 -------- Run | Yrd Mat Mat Mat Hostile Shots Fired 352 | . 4 84 264 Missed 111 | . 1 29 81 Hits 241 | . 3 55 183 Projectile 241 | . 3 55 183 Critical Strikes 7 | . . . 7 Actively Blocked 2 | . . . 2 Damage Taken 3082 | . 31 701 2350 Core 640 | . . 89 551 Absorbed by Shields . | . . . . Redirected to Shielding 46 | . . 9 37 Core Remaining (%) 92 | 100 100 77 . Volleys Fired 55 | . 4 41 10 Largest 3 | . 2 2 3 Hottest 166 | . 130 130 166 Shots Fired 113 | . 6 82 25 Gun 107 | . 6 82 19 Cannon . | . . . . Launcher 6 | . . . 6 Special . | . . . . Kinetic . | . . . . Thermal 107 | . 6 82 19 Explosive 6 | . . . 6 Electromagnetic . | . . . . Robot Hit Streak 6 | . 4 6 3 Robot Miss Streak 4 | . 2 2 4 Penetration Max . | . . . . Secondary Targets 2 | . . 2 . Max Gunslinging Chain 1 | . . 1 . Shots Hit Robots 66 | . 4 53 9 Core Hits 51 | . 2 23 26 Critical Kills . | . . . . Critical Parts Destroyed . | . . . . Critical Strikes 5 | . . 5 . Burn 5 | . . 5 . Melee Attacks 2 | . 2 . . Impact 2 | . 2 . . Slashing . | . . . . Piercing . | . . . . Sneak Attacks . | . . . . Combat Hostiles . | . . . . Follow-up Attacks . | . . . . Damage Inflicted 2206 | . 64 831 1311 Guns 1036 | . 64 831 141 Cannons . | . . . . Explosions 1162 | . . . 1162 Melee . | . . . . Ramming 8 | . . . 8 Kinetic . | . . . . Thermal 1641 | . 64 831 746 Explosive 557 | . . . 557 Electromagnetic . | . . . . Impact . | . . . . Slashing . | . . . . Piercing . | . . . . Highest Corruption . | . . . . Average Corruption . | . . . . Corruption Purged . | . . . . Corruption Blocked . | . . . . Overload Shots . | . . . . Overflow Damage 161 | . . . 161 Projectiles . | . . . . Explosions 161 | . . . 161 Melee . | . . . . Knockbacks . | . . . . Impact . | . . . . Kinetic . | . . . . Secondary . | . . . . Self-Inflicted Damage 1 | . . . 1 Shots . | . . . . Rammed 4 | . . . 4 Targets Rammed 5 | . . . 5 Kicked . | . . . . Crushed 1 | . . . 1 Highest Temperature 336 | . 204 336 106 Average Temperature 67 | . 120 66 41 Received Heat Transfer 1293 | . 18 330 945 Effects 1 | . 1 . . Interference 1 | . 1 . . Siege Activations . | . . . . Martial Activations . | . . . . Shielding Activations . | . . . . Robots Disrupted . | . . . . Combat Hostiles . | . . . . Robots Corrupted . | . . . . Combat Hostiles . | . . . . Parts Fried . | . . . . Impact Corruptions . | . . . . Robots Melted 1 | . . 1 . Combat Hostiles 1 | . . 1 . Parts Melted 6 | . . 5 1 Heat Transferred 3249 | . 148 2368 733 Parts Sabotaged . | . . . . Parts Stolen . | . . . . Parts Stripped . | . . . . Power Chain Reactions . | . . . . Alert | -11 -10 -9 -8 ------- Run | Yrd Mat Mat Mat Maximum Alert Level 1 | . . . 1 Low Security (%) 84 | 100 100 100 27 Level 1 15 | . . . 72 Level 2 . | . . . . Level 3 . | . . . . Level 4 . | . . . . Level 5 . | . . . . High Security . | . . . . Max Security . | . . . . Peak Influence 351 | . 30 143 351 Initial 46 | . . . 46 Average 73 | . 2 59 212 Influence Increases 831 | . 30 381 420 Destroy 0b10 Robot/C 520 | . 20 300 200 Destroy 0b10 Robot/NC 25 | . . 5 20 Destroy Leader 114 | . 10 72 32 Successful Hack 8 | . . 4 4 Disable Machine 75 | . . . 75 Destroy Structure 59 | . . . 59 Lose Combat Pursuer 30 | . . . 30 Influence Decreases 645 | . 30 270 345 Entered New Map 65 | . . . 65 Time Decay 430 | . 30 250 150 Lost Part 150 | . . 20 130 Squads Dispatched 7 | . 1 1 5 Investigation 1 | . . . 1 Extermination . | . . . . Reinforcement 5 | . 1 1 3 Assault . | . . . . Garrison 1 | . . . 1 Intercept . | . . . . Searches Triggered . | . . . . Construction Impeded 1 | . . . 1 Haulers Reinforced . | . . . . Active Scanning Responses . | . . . . Cargo Convoy Interrupts . | . . . . Stealth | -11 -10 -9 -8 --------- Run | Yrd Mat Mat Mat Distress Signals 4 | . 1 . 3 Communications Jammed . | . . . . Distress Signals . | . . . . Times Spotted 46 | . 5 19 22 Peak Tracking Total 8 | . 2 4 8 Tactical Retreats 2 | . . . 2 Traps | -11 -10 -9 -8 ------- Run | Yrd Mat Mat Mat Traps Triggered . | . . . . Indirectly . | . . . . Trap Hack Attempts . | . . . . Triggered . | . . . . Disarmed . | . . . . Reprogrammed . | . . . . Reused . | . . . . Traps Extracted . | . . . . Installed . | . . . . Triggered . | . . . . Machines | -11 -10 -9 -8 ---------- Run | Yrd Mat Mat Mat Machines Disabled 5 | . . . 5 Max in Single Turn 4 | . . . 4 Machines Repaired . | . . . . Machines Dismantled 1 | . . . 1 Machines Sabotaged . | . . . . Overloaded Fab Kills . | . . . . Hacking | -11 -10 -9 -8 --------- Run | Yrd Mat Mat Mat Machines Accessed 5 | . . 4 1 Terminals 5 | . . 4 1 Fabricators . | . . . . Repair Stations . | . . . . Recycling Units . | . . . . Scanalyzers . | . . . . Garrison Access . | . . . . Total Hacks 12 | . . 7 5 Successful 5 | . . 3 2 Failed 7 | . . 4 3 Catastrophic 2 | . . 2 . Database Lockouts . | . . . . Manual 7 | . . 5 2 Terminals 12 | . . 7 5 Fabricators . | . . . . Repair Stations . | . . . . Recycling Units . | . . . . Scanalyzers . | . . . . Garrison Access . | . . . . Terminal Hacks 3 | . . 1 2 Emergency Access Points 1 | . . . 1 Dispatch Records 1 | . . . 1 Hauler Manifests 1 | . . 1 . Fabricator Hacks . | . . . . Repair Station Hacks . | . . . . Recycling Unit Hacks . | . . . . Scanalyzer . | . . . . Garrison Access Hacks . | . . . . Unauthorized Hacks 2 | . . 2 . Terminals 2 | . . 2 . Assimilate 1 | . . 1 . Botnet 1 | . . 1 . Fabricators . | . . . . Repair Stations . | . . . . Recycling Units . | . . . . Scanalyzers . | . . . . Garrison Access . | . . . . Data Cores Recovered . | . . . . Used . | . . . . Hacking Detections 5 | . . 4 1 Full Trace Events 1 | . . . 1 Feedback Events . | . . . . Feedback Blocked . | . . . . Robot Schematics Acquired . | . . . . Robots Built . | . . . . Authchips . | . . . . Time . | . . . . Total Robot Build Rating . | . . . . Part Schematics Acquired . | . . . . Parts Built . | . . . . Authchips . | . . . . Time . | . . . . Total Part Build Rating . | . . . . Parts Repaired . | . . . . Time . | . . . . Parts Recycled . | . . . . Recycled Matter . | . . . . Retrieved Matter . | . . . . Retrieved Components . | . . . . Parts Scanalyzed . | . . . . Part Schematics Acquired . | . . . . Parts Damaged . | . . . . Bothacking | -11 -10 -9 -8 ------------ Run | Yrd Mat Mat Mat Used RIF Installer . | . . . . Robots Hacked . | . . . . Non-combat . | . . . . Combat . | . . . . Robot Hacks Applied . | . . . . Relay Couplers Released . | . . . . Fabnet Peak Effective % . | . . . . Robots Rewired . | . . . . Allies Hacked . | . . . . Hacks Repelled . | . . . . Allies | -11 -10 -9 -8 -------- Run | Yrd Mat Mat Mat Total Allies . | . . . . Largest Group . | . . . . Highest-Rated Group . | . . . . Highest-Rated Ally . | . . . . Total Orders . | . . . . Ally Attacks . | . . . . Total Damage . | . . . . Kills . | . . . . Allies Corrupted . | . . . . Allies Melted . | . . . . Intel | -11 -10 -9 -8 ------- Run | Yrd Mat Mat Mat Active Infowar (turns) 258 | . 34 55 169 Sensors 121 | . 34 . 87 Machine Analysis 137 | . . 55 82 Robot Analysis Total . | . . . . Derelict Logs Recovered . | . . . . Drone Launches . | . . . . Drone Recoveries . | . . . . Exploration | -11 -10 -9 -8 ------------- Run | Yrd Mat Mat Mat Turns Passed 1405 | 66 408 628 303 Spaces Moved 601 | 49 139 267 146 Core 4 | 4 . . . Treads 548 | . 135 267 146 Legs 49 | 45 4 . . Wheels . | . . . . Hover . | . . . . Flight . | . . . . Fastest Speed 50 | 50 120 145 145 Average Speed 152 | 114 158 158 151 Slowest Speed 170 | 120 160 160 170 Overloaded Moves . | . . . . Propulsion Burnouts . | . . . . Robots Hopped . | . . . . Potential Cave-ins . | . . . . Cave-ins Triggered . | . . . . Exploration Rate (%) 22 | 4 30 33 21 Regions Visited 3 Branch Regions . Pre-discovered Areas . | . . . . Known Exits Taken . | . . . . Unknown Exits Taken 3 | 1 1 1 . Scrap Searched . | . . . . Spaces Dug 8 | . 1 . 7 Terrain Destroyed 66 | . 1 . 65 Melee 1 | . 1 . . Projectile . | . . . . AOE 65 | . . . 65 Terrain Rammed . | . . . . Walls Destroyed . | . . . . Machines Disabled . | . . . . Actions | -11 -10 -9 -8 --------- Run | Yrd Mat Mat Mat Total 966 | 56 317 397 196 Wait 188 | . 148 38 2 Move 598 | 48 138 266 146 Hop . | . . . . Pick Up 26 | 2 8 11 5 Fast Attach 22 | 6 5 7 4 Attach 8 | . . 1 7 Detach 6 | . 2 . 4 Swap 20 | . 3 11 6 Drop 32 | . 7 22 3 Fire 55 | . 4 41 10 Melee 2 | . 2 . . Ram 1 | . . . 1 Kick . | . . . . Crush 4 | . . . 4 Escape Stasis . | . . . . Rewire . | . . . . Trap . | . . . . Miscellaneous 4 | . . . 4 Route ------- -11/Scrapyard -10/Materials -9/Materials -8/Materials History --------- Turn | Location | Event 3 | -11/Scrapyard | Discovered new exit (range 15) 67 | -11/Scrapyard | Entered Materials 316 | -10/Materials | Build established: Mutant 470 | -10/Materials | Discovered new exit (range 3) 475 | -10/Materials | Entered another Materials area 475 | -9/Materials | Evolved 2 slots: Utility x2 1083 | -9/Materials | Discovered new exit (range 7) 1103 | -9/Materials | Entered another Materials area 1103 | -8/Materials | Evolved 2 slots: Power x1, Weapon x1 1204 | -8/Materials | Garrison activated, responded to threat 1361 | -8/Materials | Core integrity fell below 50% 1390 | -8/Materials | Core integrity fell below 20% 1406 | -8/Materials | Destroyed by Y-45 Defender with Beam Rifle Last Messages --------------- 01356_ Acquired 32 matter. 01358_ Acquired Lgt. Nuclear Core. 01360_ R-06 Scavenger collects Adv. Treads. 01361_ Acquired Imp. Heat Sink. 01362_ Arm. Treads destroyed. 01363_ R-06 Scavenger suffers critical hit (Burn). 01364_ R-06 Scavenger collects Aluminum Leg. 01365_ Slammed into R-06 Scavenger. 01365_ R-06 Scavenger inserts Terrain Scan Processor into recycling unit. 01368_ Slammed into G-47 Trooper. 01368_ R-06 Scavenger inserts Lgt. Ion Engine into recycling unit. 01370_ Slammed into G-47 Trooper. 01370_ Lgt. Nuclear Core destroyed. 01371_ R-06 Scavenger inserts Wheel into recycling unit. 01383_ M-28 Smith repairs R-06 Scavenger. 01400_ Imp. Heat Sink destroyed. 01400_ Arm. Treads destroyed. 01404_ R-06 Scavenger inserts Adv. Treads into recycling unit. 01405_ Adv. Treads destroyed. 01405_ Slammed into G-47 Trooper. Map ----- +----------------------------------------------------+ | ??????????????????????????????????? | | ??????????????????????????????????? | | ??????????????????????????????????? | | ??? ??????????????????????????????? | | ??? ??????????????????????????????? | | ??? ??????????????????????????????? | | ??? ???????????#####?????#####????? | | ??? ??? #???# ?#### #????? | | ??? ??? #???? # #????? | | ??? ??? #????! """ # !!#????? | | ??# #?? #???? """ + !!#????? | | ###+#### #???? """ # !!#????? | | # # #???? ??# !!#????? | | # + ####?###+#?# ########?? | | / ! # #???# #?# # [ #?? | | #] % # # ##### ### / [#?? | | # # """ #?? | | # ### o # "T #?? | | # ## !! !! "" ##?""" !#?? | | # =## ! !! Y" #?? #?? | | # * r"" ###+####??? | | #?????? | | # m #?????? | | # #######"######### #?##### | | ## ##???? ??????#YYgg #? # | | ?# #??? ????# @g # """ # | | ?# #??# #???# # "T" # | | ?# #??# #???# + # | | ?# #??# #####s###+# # | | ?# #??# # # # | | ?# #??# # #? # | | ?# ???#! # ! #?##### | | ?# ???########### #?????? | | ?# ?????????????# #?????? | | ?# ?????????????# !#?????? | | ??? ??????????????# #?????? | | ??????????????????# #?????? | | ??????????????????###########?????? | | ??????????????????????????????????? | | ??????????????????????????????????? | | ??????????????????????????????????? | | ??????????????????????????????????? | | ??????????????????????????????????? | | ??????????????????????????????????? | | ??????????????????????????????????? | | ??????????????????????????????????? | | ??????????????????????????????????? | | ??????????????????????????????????? | | ??????????????????????????????????? | | ??????????????????????????????????? | +----------------------------------------------------+ Best States ------------- Heat Dissipation 62 Energy Generation 19 Energy Capacity 430 Matter Stores 415 Matter Capacity 500 Sight Range 16 Robot Scan Range 15 Terrain Scan Density 10 Armor Coverage 150 Utility Shielding 33 Evasion (%) 55 Recoil Reduction 2 Item Schematics ----------------- None Robot Schematics ------------------ None Fabricated ------------ Nothing Repaired ---------- Nothing Alien Tech Used ----------------- None Achievements -------------- None Challenges ------------ None Game ------ Seed LightpackStorageTrap Manual? 0 Play Time 00:19:24 Cumulative 147.4 hours Start 2025.08.12 @ 15:17:01 End 2025.08.12 @ 15:34:42 Sessions 1 Manual Loads 0 Difficulty Rogue Special Mode None Game No. 138 Rogue 135 Adventurer 1 Explorer 2 Win Type - Total 1 Types 1/0/0/0/0/0/0/0/0/0 Lore% 48 Gallery% 60 Achievement% 46 Wizard Run 0 Options --------- Layout 0 ASCII 0 Keyboard 0 Movement Mouse Keybinds 0 Fullscreen 2 Font 24/Smallcaps Map View 76x50 Zoom Use 2% Tactical HUD 1 Map Filters NONE Filters NONE Steam 1 RUN: da705f5a-0cf0-4306-8a65-73523b45ef19